 Dungeon Crawl Stone Soup version 0.28.0 (webtiles) character file.

Game seed: 16359873718417450731

81 SnakkuSnakku7 the Ducker (level 4, 0/49 HPs)
             Began as a Djinni Gladiator on Feb 10, 2022.
             Killed from afar by an orc wizard (5 damage)
             ... with a puff of flame
             ... on level 3 of the Dungeon.
             The game lasted 00:03:56 (2169 turns).

SnakkuSnakku7 the Ducker (Djinni Gladiator)         Turns: 2169, Time: 00:03:56

Health: 0/49       AC: 22    Str: 13    XL:     4   Next: 67%
Gold:   180        EV:  2    Int: 11    God:
                   SH:  0    Dex: 15

rFire   . . .      SeeInvis .   i - +4 short sword
rCold   . . .      Faith    .   (no shield)
rNeg    . . .      Spirit   .   (armour currently unavailable)
rPois   ∞          Reflect  .   (helmet currently unavailable)
rElec   .          Harm     .   (cloak currently unavailable)
rCorr   .          Rampage  .   (gloves currently unavailable)
Will    .....      NoTele   +   (boots unavailable)
Stlth   +.........              (no amulet)
HPRegen 0.16/turn               (no ring)
MPRegen 0.00/turn               (no ring)

@: confused, tree-form, very slightly contaminated
A: stationary, stasis, torment immunity, boosted hp, sickness immunity, (fire
resistance 2), (cold vulnerability 1), float, innate caster, HP casting, extra
vitality 1
a: no special abilities


You were on level 3 of the Dungeon.
You were a tree.
You visited 1 branch of the dungeon, and saw 3 of its levels.

You collected 180 gold pieces.

Inventory:

Hand Weapons
 a - a +0 quarterstaff
 i - a +4 short sword (weapon)
Missiles
 d - 3 throwing nets
 m - 105 stones
Armour
 b - a +0 leather armour (melded)
 c - a +0 helmet (melded)
 k - a +0 cloak (melded)
Magical Staves
 g - a staff of air
Scrolls
 f - 3 scrolls of identify {unknown}
 n - a scroll of blinking {unknown}
 o - a scroll of enchant weapon {unknown}
Potions
 h - a potion of brilliance {unknown}
 j - a potion of berserk rage {unknown}


   Skills:
 - Level 2.0 Fighting
 - Level 2.6 Staves
 - Level 1.5 Throwing
 - Level 3.2 Dodging
 + Level 2.9 Spellcasting


You had 7 spell levels left.
You knew the following spells:

 Your Spells              Type           Power      Damage    Failure   Level
a - Sandblast             Erth           16%        2d6       9%          1
Your spell library was empty.

Dungeon Overview and Level Annotations

Branches:
Dungeon (3/15)

Altars:
Yredelemnul

Shops:
D:3 =


Innate Abilities, Weirdness & Mutations

You are a tree.
Your roots penetrate the ground, keeping you stationary.
You cannot be teleported.
You are immune to unholy pain and torment.
Your maximum health is greatly increased.
Your equipment is partially melded.
You are immune to sickness and miasma.
You are immune to poison.
((Your flesh is very heat resistant. (rF++)))
((You are vulnerable to cold. (rC-)))
You float through the air rather than walking.
You learn spells naturally, not from books.
Your magical power is your life essence.
You have superior vitality. (+4 MHP)


Message History

Aiming: Sandblast (safe; 9% risk of failure)
Press: ? - help, Q - select action, (/) - cycle Shift-Dir - straight line The blast of sand hits something.
* * * LOW HITPOINT WARNING * * *
Something completely misses you.
The endoplasm hits you but does no damage.
Aiming: Sandblast (safe; 9% risk of failure)
Press: ? - help, Q - select action, (/) - cycle Shift-Dir - straight line
* * * LOW HITPOINT WARNING * * *
You hear some strange, mumbled words.
You are confused.
The endoplasm hits you but does no damage.
You're too confused to cast spells.
You cannot move. (Use ctrl+direction or * direction to attack without moving.)
You cannot move. (Use ctrl+direction or * direction to attack without moving.) Unknown command.
You cannot move. (Use ctrl+direction or * direction to attack without moving.)
You cannot move. (Use ctrl+direction or * direction to attack without moving.)
You cannot move. (Use ctrl+direction or * direction to attack without moving.)
You hit the endoplasm.
The endoplasm is severely wounded.
You hear some strange, mumbled words.
A magic dart appears from out of thin air!
The magic dart hits you.
* * * LOW HITPOINT WARNING * * *
The endoplasm hits you but does no damage.
You hit the endoplasm but do no damage.
The endoplasm is severely wounded.
Something hits you but does no damage.
The endoplasm hits you but does no damage.
Something hits you.
* * * LOW HITPOINT WARNING * * *
You puncture the endoplasm!
You kill the endoplasm!
Something hits you but does no damage.
You miss something.
You hear some strange, mumbled words.
A puff of flame appears from out of thin air!
The puff of flame hits you.
You die...

# #######.. #........ #.
#######....oo.. #
#.....##...........og. .#
#......#.................
#.............######.....
..............######.....
...............{♣......>.
#..............##........
...............##.....##+
........†.............#
..............###....##
.#..............#....#
#....###............#
#....<...............
#.....#...............


There were no monsters in sight!

Vanquished Creatures
  2 adders (D:3)
  3 worms
  A dart slug (D:3)
  2 orcs (D:3)
  5 endoplasms
  2 goblins
  10 hobgoblins
  8 kobolds
  A quokka (D:3)
  2 ball pythons
  5 bats
  5 frilled lizards
  4 rats
50 creatures vanquished.

Notes
Turn   | Place    | Note
-------+----------+-------------------------------------------
     0 | D:1      | SnakkuSnakku7 the Djinni Gladiator began the quest for the
                  | Orb.
     0 | D:1      | Reached XP level 1. HP: 18/18 MP: 0/0
   177 | D:1      | Reached skill level 1 in Spellcasting
   177 | D:1      | Reached XP level 2. HP: 20/23 MP: 0/0
   805 | D:2      | Reached XP level 3. HP: 26/28 MP: 0/0
   805 | D:2      | Learned a level 1 spell: Sandblast
  1600 | D:3      | Found Lonkaa's Jewellery Shoppe.
  1673 | D:3      | Reached XP level 4. HP: 24/33 MP: 0/0
  1675 | D:3      | Found a faded altar of an unknown god.
  1716 | D:3      | Found a basalt altar of Yredelemnul.
  1777 | D:3      | Noticed an ice beast
  2169 | D:3      | Killed from afar by an orc wizard

Illustrated notes

Levels and vault maps discovered:
D:1:      tarquinn_simple_flora_water_a, layout_basic
D:2:      layout_loops_ring, kennysheep_boxes
D:3:      layout_basic, yredelemnul_altar_generic, serial_shops, shop,
          basic_ecumenical_altar

Skill      XL: |  1  2  3 |
---------------+----------+-----
Spellcasting   | 1 2 |  2.9
Fighting       | |  2.0
Staves         | |  2.6
Throwing       | |  1.5
Dodging        | |  3.2

Action                   |  1- 3 |  4- 6 || total
-------------------------+-------+-------++-------
Melee: Quarterstaff      |    34 |       ||    34
       Short sword       |    61 |    43 ||   104
       Punch             |     3 |       ||     3
 Cast: Sandblast         |       |    14 ||    14
  Use: Potion            |       |     2 ||     2
 Stab: Sleeping          |     1 |       ||     1
Armor: Leather armour    |    35 |    22 ||    57
       Skin              |       |    11 ||    11
Dodge: Dodged            |    66 |    23 ||    89
